 Dungeon Crawl Stone Soup version 0.26-a0-712-ga5a9c9c9d0 (webtiles) character file.

Game seed: 1122429624085739278

10864 kae the Grappler (level 11, -6/107 HPs)
             Began as a Troll Transmuter on Nov 11, 2020.
             Was a Priest of Ru.
             Hit by a stone thrown by an orc warrior (12 damage)
             ... on level 11 of the Dungeon.
             The game lasted 00:09:40 (10718 turns).

kae the Grappler (Troll Transmuter)                Turns: 10718, Time: 00:09:41

Health: -6/107     AC:  8    Str: 23    XL:     11   Next: 41%
Magic:  0/10       EV: 12    Int:  9    God:    Ru [***...]
Gold:   703        SH:  0    Dex: 10    Spells: 6/12 levels left

rFire    . . .     SeeInvis .     - Unarmed
rCold    + . .     Faith    .   (no shield)
rNeg     . . .     Spirit   +   a - +2 robe
rPois    .         Reflect  .   (helmet restricted)
rElec    .         Harm     .   (no cloak)
rCorr    .         Rampage  .   (gloves unavailable)
MR       +....                  (boots unavailable)
Stlth    ..........             f - amulet of guardian spirit
HPRegen  0.67/turn              e - ring of protection from magic
MPRegen  0.12/turn              F - ring of protection from cold

@: about to teleport
A: large, unfitting armour, claws 3, low mp 1, regeneration 1, shaggy fur 1,
tough skin 3, no stealth, hated by all, no air magic, no hexes magic, no
necromancy magic
a: Draw Out Power, Renounce Religion


You were on level 11 of the Dungeon.
You worshipped Ru.
Ru was most pleased with you.
You visited 1 branch of the dungeon, and saw 11 of its levels.

You collected 751 gold pieces.
You spent 48 gold pieces at shops.

Inventory:

Armour
 a - a +2 robe (worn)
Jewellery
 e - a ring of protection from magic (left claw)
 f - an amulet of guardian spirit (around neck)
 z - an uncursed ring of fire
 F - a ring of protection from cold (right claw)
Wands
 r - a wand of flame (41)
 s - a wand of random effects (14)
 E - a wand of iceblast (6)
Scrolls
 d - 9 scrolls of remove curse
 h - 12 scrolls of teleportation
 k - 4 scrolls of fog
 u - a scroll of random uselessness
 v - 3 scrolls of amnesia
 x - a scroll of brand weapon
 y - a scroll of enchant armour
 A - 3 scrolls of identify
 C - a scroll of magic mapping
 D - a scroll of enchant weapon {unknown}
Potions
 b - 10 potions of flight
 c - 3 potions of brilliance
 g - a potion of cancellation
 i - a potion of resistance
 j - 4 potions of magic
 l - a potion of heal wounds
 m - 3 potions of ambrosia
 n - 6 potions of degeneration {unknown}
 o - 2 potions of might
 p - 8 potions of curing {unknown}
 q - a potion of haste {unknown}
 t - a potion of mutation
 w - a potion of lignification
 B - a potion of invisibility {unknown}


   Skills:
 + Level 6.8 Fighting
 + Level 7.0 Dodging
 * Level 11.8 Unarmed Combat
 - Level 1.2 Spellcasting
 + Level 6.3 Transmutations


You had 6 spell levels left.
You knew the following spells:

 Your Spells              Type           Power        Failure   Level
a - Beastly Appendage     Tmut           ##....       2%          1
b - Blade Hands           Tmut           ##........   58%         5

Your spell library contained the following spells:

 Spells                   Type           Power        Failure   Level
 Wereblood                Tmut           ##......     4%          2
 Spider Form              Tmut/Pois      #.........   28%         3
 Ice Form                 Ice/Tmut       #.......     67%         4
 Animate Skeleton         Necr           Unusable     N/A         1
 Pain                     Necr           Unusable     N/A         1
 Vampiric Draining        Necr           Unusable     N/A         3
 Animate Dead             Necr           Unusable     N/A         4
 Agony                    Necr           Unusable     N/A         5

Dungeon Overview and Level Annotations

Branches:
Dungeon (11/15)            Temple (0/1) D:5            Lair (0/6) D:9
    Orc: D:9-12

Altars:
Cheibriados
Elyvilon
Gozag
Kikubaaqudgha
Nemelex Xobeh
Ru
Trog
Uskayaw
Vehumet

Shops:
D:9 ?

Annotations:
D:5 3 runed translucent doors, exclusion: centaur, PanSaczeczos's ghost, weakling VSDe
D:7 1 runed translucent door, Verendum's ghost, novice OpAK


Innate Abilities, Weirdness & Mutations

You are too large for most types of armour.
You have claws for hands.
Your magical capacity is low. (-10% MP)
Your natural rate of healing is unusually fast.
You are covered in fur. (AC +1)
You have extremely tough skin. (AC +3)
You cannot be stealthy.
You are hated by all.
You cannot study or cast Air magic.
You cannot study or cast Hexes magic.
You cannot study or cast Necromancy magic.


Message History

* * * LOW HITPOINT WARNING * * *
The orc warrior hits you with a +0 long sword!
* * * LOW HITPOINT WARNING * * *
You scratch the orc warrior but do no damage.
The orc warrior is heavily wounded.
You feel much better.
The orc warrior hits you with a +0 war axe!
The orc warrior hits you with a +0 long sword!!
* * * LOW HITPOINT WARNING * * *
The orc warrior suddenly jeers, as Orcs often do.
You see here 2 stones. 2 yaks come into view.
The yak bellows! x2; You hear a bellow!
As you read the scroll of teleportation, it crumbles to dust.
You feel strangely unstable.
A yak comes into view.
The orc warrior throws a stone.
The stone hits you!
* * * LOW HITPOINT WARNING * * *
The orc warrior throws a stone.
The stone hits you!
You die...

#..# #..# #..#
#..# #..# #..#
#..# #..# #..#
#..# #.o# #..#
#..#####..#
...##.(.......#
#.....o@......#
.........#####.#
##...Y...#
#..Y##...# Y..#
....# ### .....#
......# .......#


You could see 2 yaks and 2 orc warriors.

Vanquished Creatures
  2 two-headed ogres (D:8)
  An ugly thing (D:11)
  A gargoyle (D:11)
  A komodo dragon (D:11)
  A wyvern (D:8)
  3 wraiths (D:11)
  8 yaks
  Edmund (D:6)
  2 water moccasins
  2 orc warriors (D:11)
  An ice beast (D:7)
  A black bear (D:10)
  3 sky beasts
  A phantom (D:8)
  4 ogres
  2 centaurs (D:9)
  8 big kobolds
  7 bullfrogs
  2 scorpions (D:11)
  20 killer bees
  3 wights (D:10)
  2 howler monkeys
  A vampire bat (D:9)
  An electric eel (D:10)
  A quasit (D:6)
  2 centaur zombies (D:11)
  A bullfrog zombie (D:10)
  9 hounds
  14 orc wizards
  A gnoll shaman (D:7)
  6 orc priests
  2 bullfrog skeletons
  A centaur skeleton (D:8)
  2 iguanas
  A jelly (D:9)
  Natasha (thrice) (D:2)
  6 worker ants
  2 hound skeletons (D:8)
  A worker ant zombie (D:11)
  A howler monkey skeleton (D:9)
  9 gnolls
  6 adders
  2 shadow imps
  A white imp (D:6)
  2 ufetubi
  2 oozes
  An adder zombie (D:5)
  2 adder skeletons
  4 worms
  9 leopard geckos
  34 orcs
  5 bats
  2 bat skeletons (D:9)
  3 bat zombies (D:9)
  2 giant cockroaches
  6 goblins
  11 hobgoblins
  15 jackals
  53 kobolds
  4 quokkas
  3 frilled lizards
  A jackal skeleton (D:5)
  7 rats
315 creatures vanquished.

Vanquished Creatures (others)
  Josephine (D:11)
  2 trolls (D:11)
  A yak (D:11)
  An orc warrior (D:4)
  A killer bee (D:11)
  4 plants
10 creatures vanquished.

Grand Total: 325 creatures vanquished

Notes
Turn   | Place    | Note
-------+----------+-------------------------------------------
     0 | D:1      | kae the Troll Transmuter began the quest for the Orb.
     0 | D:1      | Reached XP level 1. HP: 18/18 MP: 1/1
   214 | D:1      | Reached skill level 1 in Fighting
   241 | D:1      | Reached XP level 2. HP: 27/27 MP: 2/2
   857 | D:1      | Reached XP level 3. HP: 33/33 MP: 1/3
  1116 | D:2      | Noticed Natasha
  1129 | D:2      | Killed Natasha
  1185 | D:2      | Reached XP level 4. HP: 41/41 MP: 4/4
  1193 | D:2      | Noticed Natasha
  1200 | D:2      | Killed Natasha
  1200 | D:2      | Reached skill level 4 in Unarmed Combat
  1319 | D:2      | Noticed Natasha
  1329 | D:2      | Killed Natasha
  1329 | D:2      | Reached XP level 5. HP: 46/49 MP: 3/5
  1362 | D:2      | Found a sacrificial altar of Ru.
  1428 | D:2      | Became a worshipper of Ru the Awakened
  2254 | D:3      | Reached XP level 6. HP: 50/57 MP: 4/6
  2313 | D:4      | Reached skill level 5 in Unarmed Combat
  2501 | D:4      | Gained mutation: You cannot study or cast Air magic. [Ru
                  | sacrifice]
  2501 | D:4      | Gained mutation: You cannot study or cast Hexes magic. [Ru
                  | sacrifice]
  2501 | D:4      | Gained mutation: You cannot study or cast Necromancy magic.
                  | [Ru sacrifice]
  2501 | D:4      | Reached * piety under Ru
  2810 | D:4      | Reached XP level 7. HP: 64/66 MP: 4/7
  3457 | D:4      | Reached skill level 6 in Unarmed Combat
  3642 | D:4      | Reached XP level 8. HP: 66/75 MP: 6/8
  3819 | D:5      | Entered Level 5 of the Dungeon
  3879 | D:5      | Reached skill level 7 in Unarmed Combat
  4417 | D:5      | Found a hide-covered altar of Uskayaw.
  4418 | D:5      | Noticed a +0 hand axe
  4418 | D:5      | Noticed a +0 dagger
  4662 | D:5      | Found a staircase to the Ecumenical Temple.
  4680 | D:5      | Gained mutation: You cannot be stealthy. [Ru sacrifice]
  4693 | D:5      | Found a runed translucent gate.
  4695 | D:5      | Found an opulent altar of Gozag.
  4696 | D:5      | Found a runed translucent gate.
  4696 | D:5      | Found a runed translucent gate.
  4736 | D:5      | Noticed a centaur warrior
  4736 | D:5      | Noticed PanSaczeczos's ghost (weakling VSDe)
  4945 | D:6      | Noticed Edmund
  4963 | D:6      | Killed Edmund
  5007 | D:6      | Reached skill level 8 in Unarmed Combat
  5108 | D:6      | Found a white marble altar of Elyvilon.
  5116 | D:6      | Reached XP level 9. HP: 71/84 MP: 6/9
  5875 | D:7      | Reached skill level 5 in Dodging
  5977 | D:7      | Found a snail-covered altar of Cheibriados.
  5978 | D:7      | Found a radiant altar of Vehumet.
  6480 | D:7      | Found a runed translucent door.
  6481 | D:7      | Noticed Verendum's ghost (novice OpAK)
  6547 | D:8      | Learned a level 5 spell: Blade Hands
  6578 | D:8      | Reached skill level 9 in Unarmed Combat
  6649 | D:8      | Noticed a two-headed ogre
  6656 | D:8      | Killed a two-headed ogre
  6656 | D:8      | Reached skill level 5 in Fighting
  6767 | D:8      | Reached skill level 5 in Transmutations
  6768 | D:8      | Gained mutation: Your magical capacity is low. (-10% MP)
                  | [Ru sacrifice]
  6768 | D:8      | Reached ** piety under Ru
  6860 | D:8      | Reached XP level 10. HP: 96/96 MP: 9/9
  7055 | D:8      | Noticed a two-headed ogre
  7062 | D:8      | Killed a two-headed ogre
  7062 | D:8      | Reached skill level 10 in Unarmed Combat
  7785 | D:9      | You fall into a shaft and drop 1 floor!
  7785 | D:10     | Entered Level 10 of the Dungeon
  8914 | D:9      | Gained mutation: You are hated by all. [Ru sacrifice]
  8914 | D:9      | Reached *** piety under Ru
  8959 | D:9      | Found a staircase to the Lair.
  9051 | D:9      | Found a bloodstained altar of Trog.
  9054 | D:9      | Found a sparkling altar of Nemelex Xobeh.
  9095 | D:9      | Found Esafasik's Magic Scroll Boutique.
  9104 | D:9      | Bought a scroll of identify for 24 gold pieces
  9104 | D:9      | Bought a scroll of identify for 24 gold pieces
  9322 | D:9      | Found an ancient bone altar of Kikubaaqudgha.
  9520 | D:11     | Reached skill level 11 in Unarmed Combat
  9625 | D:11     | Noticed a green ugly thing
  9673 | D:11     | Noticed a gargoyle
  9700 | D:11     | Killed a gargoyle
  9700 | D:11     | Reached XP level 11. HP: 42/106 MP: 3/10
  9829 | D:11     | Noticed Josephine
  9840 | D:11     | Killed Josephine
  9906 | D:11     | Killed a green ugly thing
  9949 | D:11     | HP: 5/107 [poisoned by a killer bee]
  9954 | D:11     | HP: 4/107 [poisoned by a killer bee]
  9959 | D:11     | HP: 3/107 [poisoned by a killer bee]
  9965 | D:11     | HP: 4/107 [poisoned by a killer bee]
 10717 | D:11     | HP: 5/107 [orc warrior/stone (15)]
 10718 | D:11     | Hit by a stone thrown by an orc warrior

Illustrated notes

Levels and vault maps discovered:
D:1:      lightli_arrival_noodles, layout_basic, minmay_quantized
D:2:      layout_rooms, lemuel_crystal_altar, minmay_tetromino_s4, uniq_natasha
D:3:      layout_basic
D:4:      minmay_goblin_kobold_castle, layout_basic, serial_bayou_lake_a
D:5:      layout_basic, dancing_weapons_uskayaw, minmay_temple_entry_waves,
          ebering_ghost_gozag, serial_shops, shop_statue, enter_ossuary_1,
          kennysheep_boxes
D:6:      layout_loops_cross, elyvilon_altar_5, uniq_edmund
D:7:      layout_basic, nicolae_overflow_hidden_temple, gammafunk_ghost_grave
D:8:      layout_cave_pods
D:9:      layout_cave_pools, kennysheep_vampire_church,
          nemelex_xobeh_ov_fountains_minmay, lemuel_crystal_altar,
          lair_entry_dummy, serial_shops, shop, serial_column_ruins,
          column_ruins_square_medium, column_ruins_open_tiny_water,
          column_ruins_corridor_corner, column_ruins_columns_dead_end,
          minmay_misc_feat_tower, eino_tiny_chamber
D:10:     layout_loops_corners, chequers_big_river
D:11:     layout_small_grid, david_orc_1_choice, serial_shops, shop,
          uniq_josephine

Skill      XL: |  1  2  3  4  5  6  7  8  9 10 11 |
---------------+----------------------------------+-----
Fighting       | 1 2 3 4 5 6 |  6.8
Dodging        | 2 3 4 5 6 7 |  7.0
Unarmed Combat | 4 5 6 8 9 11 | 11.8
Transmutations | 2 3 4 5 6 |  6.3
Spellcasting   | |  1.2

Action                   |  1- 3 |  4- 6 |  7- 9 | 10-12 || total
-------------------------+-------+-------+-------+-------++-------
Melee: Unarmed           |    86 |   149 |   425 |   308 ||   968
       Headbutt          |     6 |    11 |    28 |    39 ||    84
       Kick              |     7 |    18 |    55 |    57 ||   137
       Punch             |       |     4 |    11 |     6 ||    21
 Cast: Beastly Appendage |     7 |    22 |    42 |    35 ||   106
Invok: Sacrifice Arcana  |       |     1 |       |       ||     1
       Sacrifice Stealth |       |       |     1 |       ||     1
       Sacrifice Essence |       |       |     1 |       ||     1
       Sacrifice Love    |       |       |       |     1 ||     1
  Use: Scroll            |     3 |     9 |     8 |     6 ||    26
       Potion            |       |       |       |     1 ||     1
 Stab: Distracted        |       |       |     1 |       ||     1
       Sleeping          |       |       |     1 |       ||     1
Armor: Robe              |    46 |    66 |   143 |    75 ||   330
Dodge: Dodged            |    37 |    70 |   224 |   172 ||   503

Table legend: (Time is in decaauts)
 A = Elapsed time spent in this place.
 B = Non-inter-level travel time spent in this place.
 C = Inter-level travel time spent in this place.
 D = Time resting spent in this place.
 E = Time spent auto-exploring this place.
 F = Levels seen in this place.
 G = Mean time per level.
                   A        B        C        D        E       F      G
               +--------+--------+--------+--------+--------+-----+--------+
         Total |  10708 |  10325 |    383 |    618 |   7748 |  11 |  973.5 |
       Dungeon |  10708 |  10325 |    383 |    618 |   7748 |  11 |  973.5 |
               +--------+--------+--------+--------+--------+-----+--------+

Top non-repeatable levels by time:
     D:4: 1783 daAuts
    D:11: 1249 daAuts
     D:8: 1177 daAuts
    D:10: 1136 daAuts
     D:1: 1080 daAuts
     D:7: 1062 daAuts
     D:5: 824 daAuts
     D:2: 614 daAuts
     D:3: 612 daAuts
     D:6: 584 daAuts
     D:9: 584 daAuts
